 Dungeon Crawl Stone Soup version 0.18-b1-2-gd0c887e (webtiles) character file.

103775 dobroeutro the Fighter (level 15, -1/151 HPs)
             Began as a Minotaur Fighter on Apr 28, 2016.
             Was the Champion of Okawaru.
             Slain by a redback (11 damage)
             ... on level 4 of the Lair of Beasts.
             The game lasted 01:00:26 (22601 turns).

dobroeutro the Fighter (Minotaur Fighter)          Turns: 22601, Time: 01:00:27

Health: -1/151     AC:  4    Str: 31    XL:     15   Next: 90%
Magic:  14/14      EV: 13    Int:  6    God:    Okawaru [******]
Gold:   971        SH:  6    Dex: 10    Spells: 0 memorised, 14 levels left

rFire  + + +     SeeInvis .     Z - +11 morningstar of Arrival {drain, rElec rF+ Str+4 Dex-4}
rCold  . . .     Gourm    .     z - +4 plate armour {rF+}
rNeg   . . .     Faith    .     (no shield)
rPois  .         Spirit   .     V - +0 hat
rElec  +         Dismiss  .     R - +0 cloak
rCorr  .         Reflect  +     x - +2 pair of gloves
SustAt .         Harm     .     u - +1 pair of boots {Stlth+}
MR     +....     Clarity  +     B - +6 amulet of reflection
Stlth  ..........               q - +3 ring of dexterity
                                y - +4 ring of protection

@: lethally poisoned (-1 -> -6), corroded, somewhat resistant to hostile
enchantments, extremely unstealthy
A: retaliatory headbutt, hooves 1, horns 2, clarity, clumsy 1, fire resistance
1, mutation resistance 1, robust 1, strong 2
a: Heroism, Finesse, Renounce Religion


You were on level 4 of the Lair of Beasts.
You worshipped Okawaru.
Okawaru was exalted by your worship.
You were not hungry.

You visited 4 branches of the dungeon, and saw 24 of its levels.
You also visited: Labyrinth, Sewer and Volcano.

You collected 2952 gold pieces.
You spent 1981 gold pieces at shops.

Inventory:

Hand Weapons
 J - the +10 glaive of Cheese {chop, *Confuse rPois Str+3}
   (You bought it in a shop on level 2 of the Orcish Mines)

   It inflicts extra damage upon your enemies.
   It affects your strength (+3).
   It protects you from poison.
   It may confuse you when you take damage.
 Z - the +11 morningstar of Arrival (weapon) {drain, rElec rF+ Str+4 Dex-4}
   (You bought it in a shop on level 6 of the Dungeon)

   A truly terrible weapon, it drains the life of those it strikes.
   It affects your strength (+4).
   It affects your dexterity (-4).
   It protects you from fire.
   It insulates you from electricity.
Missiles
 e - 8 javelins (quivered)
Armour
 c - a +0 shield
 u - a +1 pair of boots of stealth (worn)
 x - a +2 pair of gloves (worn)
 z - a +4 plate armour of fire resistance (worn)
 K - a +4 ring mail of magic resistance
 R - a +0 cloak (worn)
 V - a +0 hat (worn)
 X - the +4 ring mail of the Salamander {*Corrode +Fly rPois}
   (You found it on level 12 of the Dungeon)

   It protects you from poison.
   It lets you fly.
   It may corrode you when you take damage.
Jewellery
 k - an uncursed ring of ice
 o - an uncursed ring of protection from fire
 q - a +3 ring of dexterity (right hand)
 y - a +4 ring of protection (left hand)
 B - a +6 amulet of reflection (around neck)
 H - an uncursed ring of poison resistance
 I - an uncursed ring of see invisible
 L - an uncursed ring of protection from fire
 Y - an uncursed ring of flight
Wands
 a - a wand of lightning (4/15)
 b - a wand of heal wounds (0/9)
 l - a wand of acid (8/15)
 A - a wand of teleportation (5/9)
 G - a wand of confusion (29/48)
 S - a wand of paralysis (12/24)
Scrolls
 h - 8 scrolls of remove curse
 j - 3 scrolls of teleportation
 n - a scroll of blinking
 s - 3 scrolls of magic mapping
 w - 5 scrolls of enchant armour
 D - a scroll of holy word
 F - 5 scrolls of enchant weapon
 N - 2 scrolls of recharging
 P - 2 scrolls of fear
 U - a scroll of brand weapon
 W - 3 scrolls of identify
Potions
 d - 5 potions of might
 g - 10 potions of agility
 i - 8 potions of curing
 t - 2 potions of ambrosia
 M - 7 potions of heal wounds
 O - a potion of cure mutation
 T - 2 potions of haste
Comestibles
 f - 14 bread rations
 m - 5 meat rations
 p - 4 slices of pizza
 v - 6 beef jerkies
 C - 43 fruits


   Skills:
 + Level 14.1 Fighting
   Level 13.2(15.1) Axes
 + Level 12.6(14.8) Maces & Flails
 + Level 13.8 Armour
 + Level 12.8 Dodging
 + Level 14.1 Shields


You had 14 spell levels left.
You didn't know any spells.

Dungeon Overview and Level Annotations

Branches:
Dungeon (13/15)            Temple (0/1) D:4            Lair (8/8) D:8
  Swamp (0/4) Lair:5       Spider (1/4) Lair:4        Slime (0/6) Lair:8
    Orc (2/2) D:9             Elf (0/3) Orc:2
 Vaults: D:13-14

Altars:
Ashenzari
Cheibriados
Fedhas
Okawaru
Qazlal
Ru
Sif Muna
Trog
Vehumet
Xom
Yredelemnul
Beogh

Shops:
D:6 (   D:7 :   Orc:2 ?(!:

Portals:
Pandemonium: Orc:2

Annotations:
D:7 exclusion: door


Innate Abilities, Weirdness & Mutations

You reflexively headbutt those who attack you in melee.
You have a pair of horns on your head.
You have large cloven feet.
You possess an exceptional clarity of mind.
You are clumsy. (Dex -2)
Your flesh is heat resistant.
You are somewhat resistant to further mutation.
You are robust (+10% HP).
Your muscles are very strong. (Str +4)


Message History

You feel sick.
The entropy weaver mumbles some strange words.
The entropic weave corrodes you!
The redback bites you but does no damage.
You feel sick.
You feel sick. The redback barely misses you. You furiously retaliate!
You headbutt the redback.
You feel sick.
The entropy weaver mumbles some strange words.
The entropic weave corrodes you!
You feel sick.
The entropy weaver gestures wildly while chanting.
The entropic weave corrodes you! The redback bites you!
* * * LOW HITPOINT WARNING * * *
You feel sick.
You feel sick.
The redback bites you but does no damage.
You feel sick.
You feel sick. The redback bites you!
You die...

.....##..^.....+...+.....###...##
###...........##....#....##....#.
.#.#..........#....#.....##.P####
.##..#.#......##...##.....#######
##....#.......##+.##.......###.##
...............#.PP.#............
P♣♣..............P...............
...♣.............................
PP..............@................
...P..........#.#s.........#....#
...P..♣....######....#.....######
..........####..###..##.....#....
#..P.....P#...p.....###....##...<
#........P##'≈≈≈^#....##....#....
#..P..P..P##†.≈.#.....##...#.....
#........###>^≈#......##...#.....
#.......## #†.≈≈##.#..##.........


You could see a redback.

Vanquished Creatures
  Frances (D:12)
  A stone giant (Orc:1)
  A minotaur (Lab)
  Harold (D:11)
  4 hydras
  A catoblepas (Lair:8)
  4 centaur warriors
  A queen ant (Lair:2)
  The ghost of ThereIsNoGod the Fighter, a novice DsGl of Makhleb (D:11)
  A deep troll shaman (Lair:8)
  14 death yaks
  Sonja (Orc:2)
  4 orc high priests (Orc:2)
  A sun demon (Orc:2)
  A torturous demonspawn (Orc:2)
  A deep elf archer (Orc:2)
  2 gelid demonspawn (Orc:2)
  2 hill giants
  2 wolf spiders (Spider:1)
  An orb spider (Lair:4)
  7 orc sorcerers (Orc:2)
  6 orc knights
  3 griffons
  2 centaur zombies (D:13)
  4 ugly things
  2 cyclopes
  2 elephants (Lair:8)
  A rust devil (Orc:2)
  An eye of devastation (Lair:8)
  2 smoke demons (Orc:2)
  5 black mambas
  A molten gargoyle (Volcano)
  16 spiny frogs
  4 gargoyles
  5 komodo dragons
  2 rime drakes
  A demonic crawler (Spider:1)
  5 red devils
  10 trolls
  A troll (shapeshifter) (D:13)
  3 two-headed ogres
  13 blink frogs
  A polar bear (Lair:8)
  4 slime creatures
  A spriggan (Lair:4)
  A wyvern (Lair:8)
  7 redbacks
  15 hippogriffs
  A fire elemental (Volcano)
  6 basilisks
  8 yaks
  A warg (Orc:1)
  14 soldier ants
  8 water moccasins
  32 orc warriors
  8 porcupines
  2 black bears
  5 sky beasts
  3 ice beasts
  3 eyes of draining
  A necrophage (D:8)
  12 centaurs
  13 ogres
  5 phantoms
  11 wolves
  8 crocodiles
  3 big kobolds
  20 giant frogs
  A wyvern zombie (D:7)
  5 scorpions
  8 killer bees
  4 wights (D:12)
  6 electric eels
  4 crimson imps
  3 howler monkeys
  9 hounds
  A quasit (D:7)
  4 jellies
  3 giant frog skeletons
  22 orc priests
  28 orc wizards
  8 iguanas
  46 worker ants
  A killer bee zombie (D:6)
  12 sheep (Lair:8)
  2 worker ant zombies
  3 gnolls (Orc:1)
  88 river rats
  9 adders
  5 shadow imps
  13 oozes
  An adder skeleton (D:4)
  An adder zombie (D:7)
  6 worms
  5 dart slugs
  20 giant geckos
  73 orcs
  12 giant cockroaches
  5 goblins
  4 hobgoblins
  13 jackals
  3 quokkas
  11 ball pythons
  A ball python skeleton (D:4)
  11 bats
  A giant gecko skeleton (D:5)
  15 giant newts
  16 kobolds
  A quokka zombie (D:6)
  14 rats
  A spectral orc (D:8)
  A fungus (D:8)
834 creatures vanquished.

Vanquished Creatures (others)
  An ogre (D:5)
  An iguana (D:5)
  An adder (D:5)
  An orc (D:5)
  4 fungi
  A plant (Lair:8)
9 creatures vanquished.

Grand Total: 843 creatures vanquished

Notes
Turn   | Place    | Note
--------------------------------------------------------------
     0 | D:1      | dobroeutro the Minotaur Fighter began the quest for the Orb.
     0 | D:1      | Reached XP level 1. HP: 19/19 MP: 0/0
    69 | D:1      | Reached XP level 2. HP: 22/26 MP: 1/1
   639 | D:1      | Reached XP level 3. HP: 30/31 MP: 2/2
   833 | D:2      | Found an iron altar of Okawaru.
   839 | D:2      | Became a worshipper of Warmaster Okawaru
   910 | D:2      | Reached skill level 5 in Axes
  1097 | D:2      | Reached XP level 4. HP: 38/39 MP: 3/3
  1816 | D:3      | Reached XP level 5. HP: 27/45 MP: 4/4
  1840 | D:3      | Reached * piety under Okawaru
  1931 | D:3      | Found a snail-covered altar of Cheibriados.
  2365 | D:4      | Reached XP level 6. HP: 48/51 MP: 5/5
  2847 | D:4      | Found a staircase to the Ecumenical Temple.
  2971 | D:4      | Reached ** piety under Okawaru
  2971 | D:4      | Reached XP level 7. HP: 56/57 MP: 6/6
  3002 | D:4      | Found a stormy altar of Qazlal.
  3201 | D:5      | Entered Level 5 of the Dungeon
  3257 | D:5      | Reached skill level 1 in Dodging
  3291 | D:5      | Found a shimmering altar of Xom.
  3705 | D:5      | Reached XP level 8. HP: 67/67 MP: 7/7
  3709 | D:5      | Gained mutation: You are clumsy. (Dex -2) [mutagenic meat]
  3710 | D:5      | Gained mutation: Your muscles are strong. (Str +2) [mutagenic meat]
  3711 | D:5      | Gained mutation: You have large cloven feet. [mutagenic meat]
  3713 | D:5      | Gained mutation: You are somewhat resistant to further mutation. [mutagenic meat]
  3915 | D:5      | Found a shimmering altar of Xom.
  4157 | D:6      | Reached *** piety under Okawaru
  4157 | D:6      | Reached skill level 5 in Fighting
  4157 | D:6      | Reached skill level 5 in Shields
  4159 | D:6      | Reached skill level 5 in Armour
  4159 | D:6      | Reached skill level 10 in Axes
  4217 | D:6      | Found Efecirgh's Weapon Shoppe.
  4231 | D:6      | Found a glowing drain.
  4255 | Sewer    | Entered a sewer
  4725 | D:6      | Gained mutation: You possess an exceptional clarity of mind. [mutagenic meat]
  4727 | D:6      | Gained mutation: Your muscles are very strong. (Str +4) [mutagenic meat]
  4742 | D:6      | Reached XP level 9. HP: 37/75 MP: 8/8
  4867 | D:6      | Reached **** piety under Okawaru
  4877 | D:6      | Identified the Disquisition on the Entourage and Weightlessness
  4941 | D:6      | Found a radiant altar of Vehumet.
  5372 | D:7      | Found Ybybli's Book Shoppe.
  5542 | D:7      | Found a sacrificial altar of Ru.
  5690 | D:7      | Found a bloodstained altar of Trog.
  5699 | D:7      | Found a blossoming altar of Fedhas.
  5759 | D:7      | Reached skill level 5 in Dodging
  5937 | D:7      | Found a deep blue altar of Sif Muna.
  6103 | D:8      | Found a basalt altar of Yredelemnul.
  6189 | D:8      | Found a staircase to the Lair.
  6905 | D:9      | Found a staircase to the Orcish Mines.
  6927 | D:9      | Reached ***** piety under Okawaru
  7192 | D:9      | Found a shattered altar of Ashenzari.
  7213 | D:9      | Reached XP level 10. HP: 67/88 MP: 9/9
  7300 | D:10     | Entered Level 10 of the Dungeon
  7441 | D:10     | Received a gift from Okawaru
  7551 | D:10     | Noticed a hill giant
  7560 | D:10     | Killed a hill giant
  7878 | D:10     | Gained mutation: You are robust (+10% HP). [mutagenic meat]
  7960 | D:10     | Identified a scroll of acquirement
  8319 | D:11     | Noticed a cyclops
  8319 | D:11     | Noticed a cyan ugly thing
  8371 | D:11     | Killed a cyan ugly thing
  8519 | D:11     | Noticed Harold
  8541 | D:11     | Killed Harold
  8790 | D:11     | Noticed ThereIsNoGod's ghost (novice DsGl)
  8811 | D:11     | Killed ThereIsNoGod's ghost
  8811 | D:11     | Reached XP level 11. HP: 106/106 MP: 8/10
  9315 | D:12     | Noticed a red ugly thing
  9323 | D:12     | Killed a red ugly thing
  9676 | D:12     | Noticed Frances
  9691 | D:12     | Killed Frances
  9691 | D:12     | Reached skill level 10 in Fighting
  9870 | D:12     | Noticed a cyan ugly thing
  9879 | D:12     | Killed a cyan ugly thing
  9894 | D:12     | Gained mutation: You are dopey. (Int -2) [mutagenic meat]
  9986 | D:12     | Reached ****** piety under Okawaru
 10041 | D:12     | Got a scorched ring mail
 10052 | D:12     | Identified the +4 ring mail of the Salamander {*Corrode +Fly rPois} (You found it on level 12 of the Dungeon)
 10135 | D:12     | Noticed a centaur warrior
 10149 | D:12     | Killed a centaur warrior
 10149 | D:12     | Received a gift from Okawaru
 10149 | D:12     | Reached skill level 10 in Shields
 10162 | D:12     | Reached skill level 10 in Armour
 10516 | D:6      | Bought the +11 morningstar of Arrival {drain, rElec rF+ Str+4 Dex-4} for 1164 gold pieces
 10681 | D:13     | Noticed a centaur warrior
 10683 | D:13     | Received a gift from Okawaru
 10689 | D:13     | Killed a centaur warrior
 10697 | D:13     | Reached XP level 12. HP: 117/117 MP: 11/11
 10950 | D:13     | Noticed a centaur warrior
 10963 | D:13     | Killed a centaur warrior
 10963 | D:13     | Reached skill level 1 in Maces & Flails
 11065 | D:13     | Noticed a centaur warrior
 11074 | D:13     | Killed a centaur warrior
 11127 | D:13     | Noticed an eight-headed hydra
 11246 | Lair:1   | Entered Level 1 of the Lair of Beasts
 11321 | Lair:1   | Found a dark tunnel.
 11326 | Volcano  | Entered a volcano
 11518 | Lair:1   | Got a faintly glowing dagger
 11519 | Lair:1   | Identified the +3 dagger of Sibbuose {elec, +Blink Int+3} (You found it on level 1 of the Lair of Beasts)
 12472 | Lair:2   | Reached skill level 10 in Dodging
 12644 | Lair:2   | Received a gift from Okawaru
 12684 | Lair:2   | Noticed a queen ant
 12694 | Lair:2   | Killed a queen ant
 13070 | Lair:2   | Reached skill level 5 in Maces & Flails
 13077 | Lair:2   | Reached XP level 13. HP: 110/128 MP: 12/12
 13669 | Lair:3   | Found a shimmering altar of Xom.
 13783 | Lair:3   | Received a gift from Okawaru
 14521 | Lair:4   | You fall through a shaft for 2 floors!
 14701 | Lair:6   | Reached skill level 10 in Maces & Flails
 14701 | Lair:6   | Reached XP level 14. HP: 78/138 MP: 13/13
 15215 | Lair:4   | Found a hole to the Spider Nest.
 15730 | Lair:5   | Found a staircase to the Swamp.
 16108 | Lair:6   | Lost mutation: You are dopey. (Int -2) [potion of beneficial mutation]
 16596 | Lair:7   | Received a gift from Okawaru
 17225 | Lair:8   | Entered Level 8 of the Lair of Beasts
 17281 | Lair:8   | Found a labyrinth entrance.
 17303 | Lab      | Entered a labyrinth
 17592 | Lab      | Identified the Incunabulum of Confrontation and the Escort
 17677 | Lair:8   | Reached XP level 15. HP: 123/148 MP: 14/14
 18264 | Lair:8   | Got a slimy quarterstaff
 18270 | Lair:8   | Identified the cursed +1 quarterstaff "Omua" {crush, +Blink} (You found it on level 8 of the Lair of Beasts)
 18274 | Lair:8   | Found a staircase to the Slime Pits.
 18932 | Orc:1    | Entered Level 1 of the Orcish Mines
 19176 | Orc:1    | Found a roughly hewn altar of Beogh.
 19243 | Orc:2    | Entered Level 2 of the Orcish Mines
 19325 | Orc:2    | Noticed Sonja
 19511 | Orc:2    | Killed Sonja
 19626 | Orc:2    | Found a staircase to the Elven Halls.
 19715 | Orc:2    | Found Xohagud's Magic Scroll Emporium.
 19717 | Orc:2    | Found Rekk's Distillery.
 19952 | Orc:2    | Bought a potion of beneficial mutation for 385 gold pieces
 19952 | Orc:2    | Bought a potion of heal wounds for 55 gold pieces
 19952 | Orc:2    | Bought a potion of heal wounds for 55 gold pieces
 19952 | Orc:2    | Gained mutation: Your flesh is heat resistant. [potion of beneficial mutation]
 20030 | Orc:2    | Received a gift from Okawaru
 20799 | Orc:2    | Paralysed by an orc sorcerer for 3 turns
 21359 | Orc:2    | Got an ichor-stained mace {god gift}
 21360 | Orc:2    | Identified the +4 mace of Annihilation {holy, rN+ Stlth+} (Okawaru gifted it to you on level 2 of the Orcish Mines)
 21396 | Orc:2    | Paralysed by an orc sorcerer for 7 turns
 21885 | Orc:2    | Found Pudi's Antique Weapon Shop.
 21885 | Orc:2    | Found Zenem's Book Boutique.
 21885 | Orc:2    | Found a one-way gate leading to the halls of Pandemonium.
 21891 | Orc:2    | Bought an ebony glaive for 322 gold pieces
 21891 | Orc:2    | Identified the +10 glaive of Cheese {chop, *Confuse rPois Str+3} (You bought it in a shop on level 2 of the Orcish Mines)
 22560 | Spider:1 | Entered Level 1 of the Spider Nest
 22575 | Spider:1 | Received a gift from Okawaru
 22586 | Lair:4   | HP: 7/151 [entropy weaver (7)]
 22601 | Lair:4   | Slain by a redback

Skill      XL: |  1  2  3  4  5  6  7  8  9 10 11 12 13 14 15 |
---------------+----------------------------------------------+-----
Axes           | 3 4 5 6 7 9 10 11 12 13 | 13.2
Dodging        | 2 4 6 7 9 10 11 12 | 12.8
Fighting       | 4 6 7 9 10 11 12 13 14 | 14.1
Armour         | 4 5 7 8 10 11 12 13 | 13.8
Shields        | 4 5 7 8 10 11 12 13 14 | 14.1
Maces & Flails | 5 10 11 12 | 12.6

Action                   |  1- 3 |  4- 6 |  7- 9 | 10-12 | 13-15 || total
-------------------------+-------+-------+-------+-------+-------++-------
Melee: War axe           |    80 |   139 |   433 |   305 |       ||   957
       Headbutt          |    12 |    24 |    64 |   126 |   207 ||   433
       Kick              |       |       |    54 |       |       ||    54
       Morningstar       |       |       |       |   314 |   955 ||  1269
Invok: Heroism           |       |       |       |     5 |       ||     5
Evoke: Wand              |       |       |       |       |     4 ||     4
  Use: Scroll            |       |       |     9 |    19 |    13 ||    41
       Potion            |       |       |       |       |     5 ||     5
 Stab: Petrifying        |       |       |       |       |     1 ||     1
  Eat: Chunk             |     1 |     6 |    27 |    18 |    16 ||    68
       Bread ration      |       |       |       |     1 |       ||     1
       Royal jelly       |       |       |       |       |     3 ||     3
       Meat ration       |       |       |       |       |     2 ||     2
       Beef jerky        |       |       |       |       |     2 ||     2
Armor: Scale mail        |    29 |    49 |   167 |    13 |       ||   258
       Plate armour      |       |       |       |   280 |   506 ||   786
Dodge: Dodged            |    22 |    43 |   139 |   184 |   389 ||   777
Block: Shield            |    36 |    78 |   224 |   446 |   477 ||  1261
       Reflection        |       |       |       |       |     3 ||     3
       Other             |       |       |       |       |   119 ||   119
